 Dungeon Crawl Stone Soup version 0.23-a0-359-g9beedce (webtiles) character file.

55 Garbasso the Chucker (level 3, -8/35 HPs)
             Began as a Troll Hunter on Oct 23, 2018.
             Splashed by a jelly's acid (9 damage)
             ... on level 2 of the Dungeon.
             The game lasted 00:04:59 (1205 turns).

Garbasso the Chucker (Troll Hunter)                 Turns: 1205, Time: 00:04:59

Health: -8/35      AC: -7    Str: 20    XL:     3   Next: 67%
Magic:  2/2        EV: 10    Int:  7    God:
Gold:   112        SH:  0    Dex: 11    Spells: 2/2 levels left

rFire    . . .     SeeInvis .   a - +0 short sword
rCold    . . .     Gourm    +   (no shield)
rNeg     . . .     Faith    .   b - +0 robe
rPois    .         Spirit   .   (helmet restricted)
rElec    .         Reflect  .   (no cloak)
rCorr    .         Harm     .   (gloves unavailable)
MR       .....                  (boots unavailable)
Stlth    +.........             (no amulet)
HPRegen  0.51/turn              (no ring)
MPRegen  0.08/turn              (no ring)

@: corroded
A: large, unfitting armour, claws 3, fast metabolism 3, gourmand, regeneration
1, shaggy fur 1, tough skin 2
a: no special abilities


You were on level 2 of the Dungeon.
You were very full.

You visited 1 branch of the dungeon, and saw 2 of its levels.

You collected 112 gold pieces.

Inventory:

Hand Weapons
 a - a +0 short sword (weapon)
Missiles
 c - 5 large rocks {=f}
 d - 2 throwing nets {=f}
 m - 34 stones (quivered)
 o - 6 tomahawks
Armour
 b - a +0 robe (worn)
Scrolls
 e - a scroll of amnesia {unknown}
 i - a scroll of identify {unknown}
 k - a scroll of immolation {unknown}
 n - a scroll of teleportation {unknown}
Potions
 g - a potion of resistance {unknown}
 h - a potion of ambrosia {unknown}
 j - 2 potions of berserk rage {unknown}
 p - a potion of degeneration {unknown}
Comestibles
 f - 5 rations


   Skills:
 + Level 2.1 Fighting
 - Level 3.6 Throwing
 + Level 2.1 Dodging
 - Level 0.3 Stealth
 * Level 2.3 Unarmed Combat


You had 2 spell levels left.
You didn't know any spells.
Your spell library contained the following spells:

 Spells                   Type           Power        Failure   Level  Hunger
 Magic Dart               Conj           #...         43%         1    ##.....
 Blink                    Tloc           N/A          56%         2    ###....
 Call Imp                 Summ           #.......     56%         2    ###....
 Slow                     Hex            #.......     56%         2    ###....
 Conjure Flame            Conj/Fire      #.......     80%         3    ####...
 Mephitic Cloud           Conj/Pois/Air  #.......     80%         3    ####...


Dungeon Overview and Level Annotations

Branches:
Dungeon (2/15)

Altars:

Annotations:
D:2 Robin


Innate Abilities, Weirdness & Mutations

You are too large for most types of armour.
You have claws for hands.
Your metabolism is lightning-fast.
You like to eat raw meat.
Your natural rate of healing is unusually fast.
You are covered in fur. (AC +1)
You have very tough skin. (AC +2)


Message History

The jelly hits you.
You are splashed with acid!
The acid burns!
You hit the jelly.
Your claws burn!
The jelly is heavily wounded.
The jelly barely misses you.
You hit the jelly.
Your claws burn!
The jelly is severely wounded.
The jelly hits you. The acid corrodes you!
You are splashed with acid!
The acid burns!
* * * LOW HITPOINT WARNING * * *
You hit the jelly but do no damage.
Your claws burn!
* * * LOW HITPOINT WARNING * * *
The jelly is severely wounded.
The jelly barely misses you.
You hit the jelly. The acid corrodes you!
Your claws burn!
* * * LOW HITPOINT WARNING * * *
The jelly is severely wounded.
The jelly hits you.
* * * LOW HITPOINT WARNING * * *
You are splashed with acid!
The acid burns!
You die...

#.# #.# #.# #.# ### #.#
#[J....##.####### ####.#
#P.÷..J#.#.#....##### ..<..#
#÷...÷J#.#.#.....##.# ######
#....PP#.#'#......'.## #
#...J..#@#........'..# #
#..P...#J#........'..# #
#..J...#J#.......##..# #######
#.PJ..PJ##......####.# ......#
#...÷..########## #.)####
#####.# ####### ##)##..
#.########### ##.##.#
###.##.##.##..###########...#.#
#.....................>........


You could see a jelly and 2 oozes.

Vanquished Creatures
  A gnoll (D:1)
  2 worms (D:2)
  A giant cockroach (D:1)
  5 goblins
  7 hobgoblins
  2 jackals (D:2)
  10 kobolds
  5 frilled lizards
  8 rats
41 creatures vanquished.

Vanquished Creatures (others)
  9 toadstools (D:2)
9 creatures vanquished.

Grand Total: 50 creatures vanquished

Notes
Turn   | Place    | Note
-------+----------+-------------------------------------------
     0 | D:1      | Garbasso the Troll Hunter began the quest for the Orb.
     0 | D:1      | Reached XP level 1. HP: 19/19 MP: 0/0
   120 | D:1      | Reached skill level 1 in Unarmed Combat
   122 | D:1      | Reached XP level 2. HP: 28/28 MP: 1/1
   547 | D:1      | You fall through a shaft!
   578 | D:2      | Reached XP level 3. HP: 31/35 MP: 2/2
   608 | D:2      | Noticed Robin
   982 | D:2      | Found a faded altar of an unknown god.
  1205 | D:2      | HP: 1/35 [jelly (3)]
  1205 | D:2      | Splashed by a jelly's acid

Vault maps used:
D:1:      roderic_chinese_lattice_arrival
D:2:      cheibrodos_fertilizer, lemuel_coloured_pillars_altar, first_ration,
          chequers_ecumenical_altar_grove, grunt_decor_arrowhead,
          uniq_crazy_yiuf_cottage, uniq_robin, uniq_terence

Skill      XL: |  1  2  3 |
---------------+----------+-----
Unarmed Combat | 1 2 |  2.3
Fighting       | 2 |  2.1
Dodging        | 2 |  2.1
Throwing       | |  3.6
Stealth        | |  0.3

Action                   || total
-------------------------++-------
Melee: Short sword       ||   180
       Punch             ||     1
Throw: Stone             ||     8
 Stab: Sleeping          ||     3
  Eat: Chunk             ||    16
Armor: Robe              ||    60
Dodge: Dodged            ||   111

Table legend:
 A = Non-vault XP
 B = Vault XP
 C = Vault XP percentage of total XP
 D = Non-vault monster count
 E = Vault monster count
 F = Vault count percentage of total count
                 A         B        C        D         E       F
            +---------+---------+-------+---------+---------+-------
      Total |      57 |      22 |  27.8 |      27 |      14 |  34.1
            +---------+---------+-------+---------+---------+-------
        D:1 |      38 |       6 |  13.6 |      18 |       3 |  14.3
        D:2 |      19 |      16 |  45.7 |       9 |      11 |  55.0
            +---------+---------+-------+---------+---------+-------
